 Dungeon Crawl Stone Soup version 0.27.0-1-g7a089689b8 (webtiles) character file.

Game seed: 15009879988541773721

343 ABBCCCDDDD the Skirmisher (level 6, -7/44 HPs)
             Began as an Octopode Fighter on Aug 17, 2021.
             Killed by divine providence
             ... invoked by an orc priest
              (13 damage)
             ... on level 5 of the Dungeon.
             The game lasted 00:06:28 (5092 turns).

ABBCCCDDDD the Skirmisher (Octopode Fighter)        Turns: 5092, Time: 00:06:29

Health: -7/44      AC:  1    Str: 13 (15) XL:     6   Next: 57%
Magic:  6/6        EV: 11    Int: 12      God:
Gold:   29         SH:  8    Dex:  9 (12) Spells: 5/5 levels left

rFire    . . .     SeeInvis .     - Unarmed
rCold    . . .     Faith    .   a - +0 kite shield
rNeg     . . .     Spirit   .   (helmet restricted)
rPois    .         Reflect  .   (no amulet)
rElec    .         Harm     .   (no ring)
rCorr    .         Rampage  .   (no ring)
Will     .....                  (no ring)
Stlth    ++........             (no ring)
HPRegen  0.14/turn              (no ring)
MPRegen  0.10/turn              (no ring)
                                (no ring)
                                (no ring)

@: marked
A: almost no armour, amphibious, 8 rings, camouflage 1, gelatinous body 1,
(nimble swimmer 1), tentacles
a: no special abilities


You were on level 5 of the Dungeon.
You visited 1 branch of the dungeon, and saw 5 of its levels.

You collected 137 gold pieces.
You spent 108 gold pieces at shops.

Inventory:

Missiles
 d - 13 poisoned darts (quivered)
Armour
 a - a +0 kite shield (worn)
Jewellery
 c - a ring of ice
 m - an amulet of guardian spirit
 p - a ring of fire
Wands
 q - a wand of iceblast (6)
Scrolls
 b - a scroll of identify {unknown}
 f - a scroll of enchant armour {unknown}
 g - 2 scrolls of blinking {unknown}
 h - 2 scrolls of immolation {unknown}
 i - a scroll of teleportation
 k - a scroll of amnesia {unknown}
Potions
 e - a potion of degeneration
 j - 2 potions of resistance {unknown}
 l - 3 potions of haste {unknown}
 n - 3 potions of flight {unknown}
 o - a potion of cancellation {unknown}
 r - a potion of might
 s - a potion of curing
 t - a potion of lignification


   Skills:
 + Level 4.4 Fighting
 + Level 4.3 Dodging
 + Level 4.3 Shields
 + Level 3.7 Unarmed Combat


You had 5 spell levels left.
You didn't know any spells.
Your spell library contained the following spells:

 Spells                   Type           Power      Damage    Failure   Level
 Corona                   Hex            0%         N/A       78%         1
 Ensorcelled Hibernation  Hex/Ice        0%         N/A       89%         2
 Ignite Poison            Fire/Tmut/Pois 0%         N/A       98%         3
 Mephitic Cloud           Conj/Pois/Air  0%         N/A       98%         3
 Stone Arrow              Conj/Erth      0%         3d7       98%         3
 Tukima's Dance           Hex            0%         N/A       98%         3
 Bolt of Magma            Conj/Fire/Erth 0%         4d4       100%        5
 Lehudib's Crystal Spear  Conj/Erth      0%         10d2      100%        8
 Animate Armour           Summ/Erth      Unusable   N/A       N/A         4

Dungeon Overview and Level Annotations

Branches:
Dungeon (5/15)
 Temple: D:4-7

Altars:
Xom

Shops:
D:2 *   D:4 [

Annotations:
D:3 Grinder


Innate Abilities, Weirdness & Mutations

You cannot wear most types of armour.
You are amphibious.
You can wear up to eight rings at the same time.
Your skin changes colour to match your surroundings (Stealth+).
Your rubbery body absorbs attacks. (AC +1, EV +1)
((You are camouflaged near water. (Stealth+)))
You have tentacles for arms and can constrict up to eight enemies at once.


Message History

The orc is moderately wounded.
An orc priest comes into view. It is wielding a +0 flail.
The orc hits you with a +1 dagger of venom.
You are poisoned.
You feel very sick.
You feel very sick.
An orc comes into view. It is wielding a +0 war axe.
You feel sick.
The orc shouts!
An orc comes into view.
It is wielding a +1 hand axe of flaming.
You feel sick.
You feel sick.
You see here 15 sling bullets.
You feel sick.
You feel sick.
You feel sick.
The orc priest looks encouraged for a moment.
The orc pulls the alarm!
The alarm trap emits a blaring wail!
A sentinel's mark forms upon you.
You hear a shout! x2; You hear a bark!
You hear a shout! x3; You hear a bark!
You hear an angry hiss.
You hear a shout!
You feel sick.
You feel sick.
You are no longer poisoned.
You block the orc's attack.
The orc priest calls down the wrath of Beogh upon you.
Beogh smites you!
* * * LOW HITPOINT WARNING * * *
A hound comes into view.
An adder comes into view.
The hound barely misses you. The hound bites you.
* * * LOW HITPOINT WARNING * * *
There is a stone staircase leading up here.
The hound bites you.
* * * LOW HITPOINT WARNING * * *
The orc priest invokes the aid of Beogh against you.
Beogh smites you!
You die...

#..........#...#..##
#......#.......#...##
##....##...#.#......#
#....###....####..####
#.....##....####.....##.
##......#....#...........
........#......#....#....
...........o#............
...........o...h@......##
...........o..So.........
.........o.o.##..........
.............#..........#
.............####5.......
.............# .........
......##......# ...#.....
.#............>. .##....
.#.......#........# ...


You could see a hound, an orc priest, an adder, a shadow imp and 5 orcs.

Levels and vault maps discovered:
D:1:      mrwooster_arrival_statue_2, layout_basic, interstate_on_off,
          serial_bayou_pond_e
D:2:      layout_rooms, basic_altar,
          dreamdust_ecumenical_altar_hidden_monk_grotto, serial_shops,
          nicolae_lakefront_shop
D:3:      layout_rooms, minmay_mini_jars, uniq_grinder
D:4:      layout_loops_ring, serial_shops, nicolae_diamond_shop, uniq_ijyb,
          uniq_robin
D:5:      layout_cave_pools, minmay_temple_entry_proselytizer, uniq_edmund

Notes
Turn   | Place    | Note
-------+----------+-------------------------------------------
     0 | D:1      | ABBCCCDDDD the Octopode Fighter began the quest for the
                  | Orb.
     0 | D:1      | Reached XP level 1. HP: 16/16 MP: 1/1
    86 | D:1      | Reached XP level 2. HP: 21/21 MP: 2/2
   454 | D:1      | Reached XP level 3. HP: 24/26 MP: 3/3
  1501 | D:2      | Found a shimmering altar of Xom.
  1781 | D:2      | Found Ubesucki's General Store.
  2135 | D:2      | Found a faded altar of an unknown god.
  2180 | D:3      | Noticed Grinder
  2180 | D:3      | Paralysed by Grinder for 5 turns
  2372 | D:2      | Reached XP level 4. HP: 30/31 MP: 4/4
  3128 | D:4      | Found Siusawkiar's Armour Boutique.
  3155 | D:4      | Noticed a phantom
  3170 | D:4      | Killed a phantom
  3171 | D:4      | Reached XP level 5. HP: 17/37 MP: 5/5
  3430 | D:4      | Noticed Robin
  3455 | D:4      | Killed Robin
  4101 | D:4      | Noticed Ijyb
  4115 | D:4      | Killed Ijyb
  4119 | D:4      | Reached XP level 6. HP: 19/43 MP: 6/6
  4653 | D:5      | Entered Level 5 of the Dungeon
  4953 | D:2      | Bought a scroll of teleportation for 36 gold pieces
  4953 | D:2      | Bought a potion of curing for 36 gold pieces
  4953 | D:2      | Bought a potion of lignification for 36 gold pieces
  5092 | D:5      | Killed from afar by an orc priest

Table legend: (Time is in decaauts)
 A = Elapsed time spent in this place.
 B = Non-inter-level travel time spent in this place.
 C = Inter-level travel time spent in this place.
 D = Time resting spent in this place.
 E = Time spent auto-exploring this place.
 F = Levels seen in this place.
 G = Mean time per level.
                   A        B        C        D        E       F      G
               +--------+--------+--------+--------+--------+-----+--------+
         Total |   5136 |   4896 |    240 |   1364 |   2820 |   5 | 1027.2 |
       Dungeon |   5136 |   4896 |    240 |   1364 |   2820 |   5 | 1027.2 |
               +--------+--------+--------+--------+--------+-----+--------+

Top non-repeatable levels by time:
     D:1: 1526 daAuts
     D:4: 1469 daAuts
     D:2: 913 daAuts
     D:3: 870 daAuts
     D:5: 356 daAuts

Table legend:
 A = Kills in this place as a percentage of kills in entire the game.
 B = Kills by you in this place as a percentage of kills by you in the entire game.
 C = Kills by friends in this place as a percentage of kills by friends in the entire game.
 D = Other kills in this place as a percentage of other kills in the entire game.
 E = Experience gained in this place as a percentage of experience gained in the entire game.
 F = Experience gained in this place divided by the number of levels of this place that you have seen.
                   A       B       C       D       E      F
               +-------+-------+-------+-------+-------+----------------------
         Total | 100.0 | 100.0 | 100.0 |   N/A | 100.0 |  98.0
       Dungeon | 100.0 | 100.0 | 100.0 |   N/A | 100.0 |  98.0
               +-------+-------+-------+-------+-------+----------------------

Action                   |  1- 3 |  4- 6 || total
-------------------------+-------+-------++-------
Melee: Unarmed           |    94 |   107 ||   201
       Constrict         |    28 |    25 ||    53
       Tentacles         |    11 |    28 ||    39
       Punch             |     2 |     2 ||     4
  Use: Potion            |       |     5 ||     5
       Scroll            |       |     1 ||     1
 Stab: Sleeping          |     6 |     8 ||    14
Armor: Skin              |     7 |     6 ||    13
Dodge: Dodged            |    32 |    34 ||    66
Block: Kite shield       |    33 |    43 ||    76

Vanquished Creatures
  A phantom (D:4)
  A scorpion (D:5)
  A centaur skeleton (D:5)
  Ijyb (D:4)
  A hound skeleton (D:5)
  Robin (D:4)
  2 adders
  A white imp (D:5)
  An adder skeleton (D:4)
  2 worms
  5 dart slugs
  An orc (D:5)
  13 endoplasms
  A giant cockroach (D:3)
  13 goblins
  8 hobgoblins
  5 jackals (D:1)
  6 kobolds
  2 quokkas
  8 ball pythons
  A bat (D:2)
  3 frilled lizards
  8 rats
86 creatures vanquished.

Vanquished Creatures (collateral kills)
  A goblin (D:4)
1 creature vanquished.

Grand Total: 87 creatures vanquished
